 Dungeon Crawl Stone Soup version 0.25-a0-547-g27a0b5d (webtiles) character file.

Game seed: 14206919003076795706, levelgen mode: deterministic

101 wolfsongas the Poker (level 4, 0/35 HPs)
             Began as a Merfolk Abyssal Knight on Feb 22, 2020.
             Was a Follower of Lugonu.
             Slain by a goblin
             ... wielding a +0 dagger
             ... led by Robin
              (1 damage)
             ... on level 3 of the Dungeon.
             The game lasted 00:04:27 (3302 turns).

wolfsongas the Poker (Merfolk Abyssal Knight)       Turns: 3302, Time: 00:04:28

Health: 0/35       AC:  9    Str: 11 (13) XL:     4   Next: 75%
Magic:  6/6        EV:  6    Int: 10 (11) God:    Lugonu [*.....]
Gold:   144        SH:  0    Dex: 12 (13) Spells: 3/3 levels left

rFire    . . .     SeeInvis .   a - +1 spear
rCold    . . .     Gourm    .   (no shield)
rNeg     . . .     Faith    .   g - +0 chain mail
rPois    .         Spirit   .   (no helmet)
rElec    .         Reflect  .   (no cloak)
rCorr    +         Harm     .   d - +0 pair of gloves
MR       .....                  (no boots)
Stlth    ..........             (no amulet)
HPRegen  0.11/turn              f - ring of resist corrosion (curse)
MPRegen  0.10/turn              (no ring)

@: about to teleport
A: change form in water, swift swim, stealthy swim
a: Depart the Abyss, Renounce Religion


You were on level 3 of the Dungeon.
You worshipped Lugonu.
Lugonu was aware of your devotion.
You were hungry.

You visited 1 branch of the dungeon, and saw 3 of its levels.
You visited the Abyss 1 time.

You collected 144 gold pieces.

Inventory:

Hand Weapons
 a - a +1 spear (weapon)
Armour
 d - a +0 pair of gloves (worn)
 g - a +0 chain mail (worn)
Jewellery
 f - a cursed ring of resist corrosion (left hand)
Scrolls
 e - 2 scrolls of teleportation
Potions
 h - a potion of curing
Comestibles
 b - a chunk of flesh
 c - 5 rations


   Skills:
 - Level 3.2 Fighting
 + Level 4.7 Polearms
 - Level 0.6 Armour
 + Level 4.2 Dodging
 + Level 3.3 Invocations


You had 3 spell levels left.
You didn't know any spells.
Your spell library was empty.

Dungeon Overview and Level Annotations

Branches:
Dungeon (3/15)

Altars:
Cheibriados
Ru
Sif Muna

Annotations:
D:3 Robin


Message History

* * * LOW HITPOINT WARNING * * *
The goblin hits you but does no damage.
Attack whom?
Press: ? - help, Dir - move target cursor, f/p - Robin
Aim: Robin, wielding a +0 spear, wearing a +0 animal skin and wearing a +0 helmet (almost dead)
You reach to attack!
You closely miss Robin.
Robin is almost dead.
The goblin hits you but does no damage.
Robin hits you from afar with a +0 spear.
* * * LOW HITPOINT WARNING * * *
The hobgoblin hits you but does no damage.
Attack whom?
Press: ? - help, Dir - move target cursor, f/p - Robin
Aim: Robin, wielding a +0 spear, wearing a +0 animal skin and wearing a +0 helmet (almost dead)
The hobgoblin is in the way.
You hit the hobgoblin.
You kill the hobgoblin!
Lugonu accepts your kill.
The goblin no longer looks unusually strong.
The goblin hits you but does no damage. The goblin hits you with a +0 dagger.
You die...

#.....## #' #
#.#.....# #.#.....#
#.#####.# #.#####.#
#.......#
.gggg...#########
##g)g............
#@#####.........
#g##............
#.##.#..###.#.##
#.##.#..........
#.......##..####
#...........#
##.#....###..... ..
........####.###...
##.#..............


You could see Robin, a hobgoblin and 5 goblins.

Vanquished Creatures
  A gnoll (D:1)
  2 adders
  2 worms (D:2)
  A dart slug (D:3)
  A leopard gecko (D:3)
  5 orcs (D:3)
  2 bats (D:2)
  3 giant cockroaches
  10 goblins
  8 hobgoblins
  3 jackals (D:3)
  7 kobolds
  2 quokkas (D:2)
  5 frilled lizards
  3 rats
55 creatures vanquished.

Vanquished Creatures (others)
  A goblin (D:3)
  11 toadstools (D:3)
12 creatures vanquished.

Grand Total: 67 creatures vanquished

Notes
Turn   | Place    | Note
-------+----------+-------------------------------------------
     0 | Abyss:1  | wolfsongas the Merfolk Abyssal Knight began the quest for
                  | the Orb.
     0 | Abyss:1  | Reached XP level 1. HP: 18/18 MP: 2/2
    49 | Abyss:1  | Noticed a rakshasa
   103 | Abyss:1  | Noticed a worldbinder
   103 | Abyss:1  | Noticed a ynoxinul
   105 | D:1      | Escaped the Abyss
   207 | D:1      | Reached XP level 2. HP: 9/24 MP: 3/3
  1040 | D:1      | Reached * piety under Lugonu
  1040 | D:1      | Reached XP level 3. HP: 29/29 MP: 4/4
  1416 | D:2      | Found a sacrificial altar of Ru.
  2177 | D:2      | Reached XP level 4. HP: 35/35 MP: 6/6
  2953 | D:3      | Found a snail-covered altar of Cheibriados.
  2953 | D:3      | Found a shimmering blue altar of Sif Muna.
  3173 | D:3      | Noticed Robin
  3301 | D:3      | HP: 1/35 [Robin/+0 spear (3)]
  3302 | D:3      | Slain by a goblin

Levels and vault maps discovered:
D:1:      eino_arrival_cavern_e, layout_basic, minmay_tromino_i2
D:2:      layout_basic, lemuel_crystal_altar
D:3:      layout_basic, tgw_fedhas, yredelemnul_forgotten_temple_becter,
          gammafunk_temple_overflow_elements, uniq_robin

Skill      XL: |  1  2  3  4 |
---------------+-------------+-----
Dodging        | 3 4 |  4.2
Polearms       | 4 |  4.7
Invocations    | 3 |  3.3
Fighting       | |  3.2
Armour         | |  0.6

Action                   |  1- 3 |  4- 6 || total
-------------------------+-------+-------++-------
Melee: Spear             |   106 |   105 ||   211
Invok: Depart the Abyss  |     1 |       ||     1
  Use: Scroll            |     5 |     2 ||     7
       Potion            |     2 |     3 ||     5
  Eat: Chunk             |     4 |     3 ||     7
Armor: Leather armour    |    11 |       ||    11
       Ring mail         |     7 |       ||     7
       Chain mail        |       |    77 ||    77
Dodge: Dodged            |    42 |    33 ||    75

Table legend:
 A = Non-vault XP
 B = Vault XP
 C = Vault XP percentage of total XP
 D = Non-vault monster count
 E = Vault monster count
 F = Vault count percentage of total count
                 A         B        C        D         E       F
            +---------+---------+-------+---------+---------+-------
      Total |     137 |       8 |   5.5 |      50 |       5 |   9.1
            +---------+---------+-------+---------+---------+-------
        D:1 |      35 |       2 |   5.4 |      13 |       2 |  13.3
        D:2 |      47 |       0 |   0.0 |      17 |       0 |   0.0
        D:3 |      55 |       6 |   9.8 |      20 |       3 |  13.0
            +---------+---------+-------+---------+---------+-------
